 Dungeon Crawl Stone Soup version 0.28-a0-851-g8b9cc49659 (webtiles) character file.

Game seed: 13478423044147003965

102671 mandarbmax the Thaumaturge (level 16, -7/136 HPs)
             Began as a Gnoll Hedge Wizard on Nov 15, 2021.
             Was the Champion of Ashenzari.
             Mangled by a vampire knight (26 damage)
             ... on level 14 of the Dungeon.
             The game lasted 02:09:56 (37446 turns).

mandarbmax the Thaumaturge (Gnoll Hedge Wizard)    Turns: 37446, Time: 02:09:57

Health: -7/136     AC: 16    Str: 11    XL:     16   Next: 33%
Magic:  8/37       EV: 19    Int: 31    God:    Ashenzari [******]
Gold:   2058       SH: 14    Dex: 12    Spells: 8/50 levels left

rFire   . . .      SeeInvis +   e - staff of poison (curse) {Cun, Evo}
rCold   . . .      Faith    .   n - +1 kite shield "Shackled Repose" {rN+, Elem, Bglg} (curse)
rNeg    + . .      Spirit   .   A - +2 robe of Ouranomancy {Archmagi, Cun, Fort} (curse)
rPois   +          Reflect  .   c - +0 hat of Ashenzari's Prison {Range, Fort} (curse)
rElec   .          Harm     .   L - +2 cloak of the Omniscient Planets {Bglg, Self} (curse)
rCorr   .          Rampage  .   r - +2 pair of gloves "Ruined Agnosticism" {Elem, Self} (curse)
Will    +....      Archmagi +   W - +2 pair of boots of the All-seeing Shame {Stlth+, Bglg, Evo} (curse)
Stlth   +++++++... Clarity  +   w - amulet of Ashenzari's Comet {Acrobat, Melee, Comp} (curse)
HPRegen 0.32/turn               f - ring of Supernal Understanding {Int+6, Bglg, Alch} (curse)
MPRegen 0.25/turn               K - ring of Supernal Knowledge {Int+6, Bglg, Fort} (curse)

@: no status effects
A: fangs 1, strong nose, distributed training
a: Renounce Religion, Shatter the Chains


You were on level 14 of the Dungeon.
You worshipped Ashenzari.
Ashenzari was exalted by your worship.
You visited 3 branches of the dungeon, and saw 22 of its levels.
You visited the Abyss 1 time.
You also visited: Ossuary and Volcano.

You collected 2955 gold pieces.
You spent 897 gold pieces at shops.

Inventory:

Hand Weapons
 R - the +10 morningstar "Qavuott" {flame, Int+2 Dex+4 SInv}
   (You found it on level 3 of the Lair of Beasts)

   It burns those it strikes, dealing additional fire damage.
   Int:       It affects your intelligence (+2).
   Dex:       It affects your dexterity (+4).
   SInv:      It lets you see invisible.
Armour
 c - the cursed +0 hat of Ashenzari's Prison (worn) {Range, Fort}

   It has a curse which improves the following skills: Ranged Combat: Slings,
   Bows, Crossbows and Throwing.
   Fortitude: Armour and Shields.
 n - the cursed +1 kite shield "Shackled Repose" (worn) {rN+, Elem, Bglg}
   (You took it off a gnoll sergeant on level 10 of the Dungeon)

   It has a curse which improves the following skills: Elements: Fire Magic, Ice
   Magic, Air Magic and Earth Magic.
   Beguiling: Conjurations, Hexes and Translocations.
 r - the cursed +2 pair of gloves "Ruined Agnosticism" (worn) {Elem, Self}
   (You found it on level 4 of the Dungeon)

   It has a curse which improves the following skills: Elements: Fire Magic, Ice
   Magic, Air Magic and Earth Magic.
   Introspection: Fighting and Spellcasting.
 A - the cursed +2 robe of Ouranomancy (worn) {Archmagi, Cun, Fort}
   (You took it off Psyche on level 12 of the Dungeon)

   It has a curse which improves the following skills: Cunning: Dodging and
   Stealth.
   Fortitude: Armour and Shields.
 L - the cursed +2 cloak of the Omniscient Planets (worn) {Bglg, Self}
   (You took it off Maurice on level 11 of the Dungeon)

   It has a curse which improves the following skills: Beguiling: Conjurations,
   Hexes and Translocations.
   Introspection: Fighting and Spellcasting.
 V - the +2 buckler "Jikhliusa" {rN++}
   (You found it on level 4 of the Lair of Beasts)

   rN:        It greatly protects you from negative energy.
 W - the cursed +2 pair of boots of the All-seeing Shame (worn) {Stlth+, Bglg, Evo}
   (You found it on level 5 of the Lair of Beasts)

   It has a curse which improves the following skills: Beguiling: Conjurations,
   Hexes and Translocations.
   Evocations: Evocations.
Magical Staves
 e - a cursed staff of poison (weapon) {Cun, Evo}
 i - a staff of earth
 X - a staff of air
Jewellery
 a - a +6 ring of intelligence
 f - the cursed ring of Supernal Understanding (left hand) {Int+6, Bglg, Alch}
   (You found it on level 1 of the Dungeon)

   [ring of intelligence]

   Int:       It affects your intelligence (+6).
   It has a curse which improves the following skills: Beguiling: Conjurations,
   Hexes and Translocations.
   Alchemy:   Poison Magic and Transmutations.
 s - a ring of protection from fire
 v - a ring of positive energy
 w - the cursed amulet of Ashenzari's Comet (around neck) {Acrobat, Melee, Comp}
   (You found it on level 6 of the Dungeon)

   [amulet of the acrobat]

   It increases your evasion while moving and waiting.
   It has a curse which improves the following skills: Melee Combat: Short
   Blades, Long Blades, Axes, Maces & Flails, Polearms, Staves and Unarmed
   Combat.
   Companions: Summonings and Necromancy.
 K - the cursed ring of Supernal Knowledge (right hand) {Int+6, Bglg, Fort}
   (You took it off Maurice on level 11 of the Dungeon)

   [ring of intelligence]

   Int:       It affects your intelligence (+6).
   It has a curse which improves the following skills: Beguiling: Conjurations,
   Hexes and Translocations.
   Fortitude: Armour and Shields.
Wands
 b - a wand of paralysis (10)
 t - a wand of acid (8)
 u - a wand of iceblast (32)
 H - a wand of digging (12)
 Q - a wand of polymorph (24)
 T - a wand of flame (17)
Scrolls
 k - 8 scrolls of teleportation
 p - 3 scrolls of blinking
 x - 4 scrolls of immolation
 y - a scroll of brand weapon
 B - a scroll of enchant armour
 E - a scroll of summoning
 I - 6 scrolls of fear
 J - 3 scrolls of enchant weapon
 M - a scroll of silence
 P - 2 scrolls of magic mapping
 S - a scroll of fog
Potions
 d - 3 potions of resistance
 g - a potion of mutation
 h - 4 potions of ambrosia
 j - 6 potions of lignification
 l - 9 potions of curing
 m - 2 potions of magic
 o - 3 potions of flight
 q - 2 potions of might
 z - 2 potions of berserk rage
 F - 2 potions of heal wounds
 G - 3 potions of invisibility
 Y - 2 potions of haste
 Z - a potion of brilliance


   Skills:
 + Level 10.8(15.5) Fighting
 + Level 10.8(13.9) Short Blades
 + Level 10.8(13.9) Long Blades
 + Level 10.8(13.9) Axes
 + Level 10.8(13.9) Maces & Flails
 + Level 10.8(13.9) Polearms
 + Level 10.8(13.9) Staves
 + Level 10.8(13.9) Slings
 + Level 10.8(13.9) Bows
 + Level 10.8(13.9) Crossbows
 + Level 10.8(13.9) Throwing
 + Level 10.8(17.0) Armour
 + Level 11.7(16.4) Dodging
 + Level 11.6(16.3) Stealth
 + Level 10.8(17.0) Shields
 + Level 10.8(13.9) Unarmed Combat
 + Level 12.8(17.5) Spellcasting
 + Level 9.4(18.0) Conjurations
 + Level 9.1(17.6) Hexes
 + Level 9.4(12.5) Summonings
 + Level 9.1(12.2) Necromancy
 + Level 9.4(18.0) Translocations
 + Level 9.1(12.2) Transmutations
 + Level 9.1(13.8) Fire Magic
 + Level 9.1(13.8) Ice Magic
 + Level 9.1(13.8) Air Magic
 + Level 9.1(13.8) Earth Magic
 + Level 9.1(12.2) Poison Magic
 + Level 11.8 Invocations
 + Level 10.8(15.5) Evocations


You had 8 spell levels left.
You knew the following spells:

 Your Spells              Type           Power      Damage    Failure   Level
a - Magic Dart            Conj           100%       1d8       0%          1
b - Summon Forest         Summ/Tloc      55%        N/A       1%          5
c - Blink                 Tloc           100%       N/A       0%          2
d - Mephitic Cloud        Conj/Pois/Air  100%       N/A       0%          3
f - Call Canine Familiar  Summ           100%       N/A       1%          3
g - Ignite Poison         Fire/Tmut/Pois 100%       N/A       1%          3
h - Inner Flame           Hex/Fire       100%       N/A       0%          3
i - Iskenderun's Battles  Conj           100%       2d15      1%          5
j - Cause Fear            Hex            58%        N/A       0%          4
k - Ozocubu's Armour      Ice            100%       N/A       0%          3
l - Airstrike             Air            53%        N/A       1%          4
z - Simulacrum            Ice/Necr       52%        N/A       1%          6

Your spell library contained the following spells:

 Spells                   Type           Power      Damage    Failure   Level
 Animate Skeleton         Necr           100%       N/A       0%          1
 Apportation              Tloc           100%       N/A       0%          1
 Freeze                   Ice            100%       1d11      0%          1
 Pain                     Necr           100%       1d9       0%          1
 Shock                    Conj/Air       100%       1d9       0%          1
 Slow                     Hex            100%       N/A       0%          1
 Call Imp                 Summ           100%       N/A       0%          2
 Passwall                 Tmut/Erth      86%        N/A       0%          2
 Conjure Flame            Conj/Fire      100%       6-21      0%          3
 Dazzling Flash           Conj/Hex       100%       N/A       0%          3
 Frozen Ramparts          Ice            100%       1d12      0%          3
 Portal Projectile        Hex/Tloc       100%       N/A       0%          3
 Swiftness                Air            100%       N/A       0%          3
 Vampiric Draining        Necr           100%       2d13      1%          3
 Hailstorm                Conj/Ice       100%       3d20      1%          4
 Leda's Liquefaction      Hex/Erth       56%        N/A       1%          4
 Petrify                  Tmut/Erth      100%       N/A       1%          4
 Agony                    Necr           100%       N/A       1%          5
 Alistair's Intoxication  Tmut/Pois      82%        N/A       1%          5
 Metabolic Englaciation   Hex/Ice        56%        N/A       1%          5
 Silence                  Hex/Air        56%        N/A       1%          5
 Eringya's Noxious Bog    Tmut/Pois      62%        N/A       1%          6
 Statue Form              Tmut/Erth      69%        N/A       1%          6
 Ozocubu's Refrigeration  Ice            53%        4d15      4%          7
 Storm Form               Tmut/Air       52%        N/A       6%          7
 Discord                  Hex            58%        N/A       7%          8
 Summon Hydra             Summ           51%        N/A       8%          7
 Dragon Form              Tmut           50%        N/A       9%          7


Dungeon Overview and Level Annotations

Branches:
Dungeon (14/15)            Temple (0/1) D:5            Lair (6/6) D:11
 Shoals (0/4) Lair:4        Snake (0/4) Lair:2        Slime (0/5) Lair:6
    Orc (2/2) D:11            Elf (0/3) Orc:2       Ossuary (visited)
Volcano (visited)
 Vaults: D:13-14

Altars:
Ashenzari
Dithmenos
Elyvilon
Fedhas
Kikubaaqudgha
Nemelex Xobeh
Qazlal
Sif Muna
Trog
Wu Jian
Xom
Zin
The Shining One
Beogh

Shops:
D:5 [   D:11 *   Orc:2 =([*=

Annotations:
Lair:2 3 runed translucent doors, Pegaph's ghost, journeyman PaAM; Pizistr Sogi's ghost, novice DsSu; Zihow's ghost, journeyman DgIE


Innate Abilities, Weirdness & Mutations

You have very sharp teeth.
Your uncanny sense of smell can sniff out nearby items.
Your experience applies equally to all skills.


Message History

You hit the vampire knight but do no damage.
The vampire knight is heavily damaged.
The vampire knight is engulfed in blazing flames.
The vampire knight draws life force from you!
The vampire knight is healed by the life force!
You hit the vampire knight but do no damage.
The vampire knight is heavily damaged.
The vampire knight gestures at you while chanting.
The vampire knight blinks!
The vampire knight is engulfed in blazing flames.
You block the vampire knight's attack. The vampire knight misses you.
You barely miss the vampire knight.
The vampire knight is heavily damaged.
The vampire knight hits you with a +0 broad axe!!
The vampire knight barely misses you.
You hit the vampire knight but do no damage.
The vampire knight is heavily damaged.
The vampire knight hits you with a +0 broad axe.
You block the vampire knight's attack.
The vampire knight is engulfed in blazing flames.
The vampire knight hits you with a +0 long sword.
The vampire knight bites you but does no damage.
Unknown command.
Aiming: Throw Flame
Press: ? - help, Shift-Dir - straight line, f - vampire knight
Aim: a vampire knight, wielding a +0 long sword and wearing a +0 plate armour (flame, heavily damaged, slightly transparent, 87% to hit)
The puff of flame hits the vampire knight but does no damage.
The vampire knight is heavily damaged.
The vampire knight draws life force from you!
The vampire knight is healed by the life force!
The vampire knight hits you with a +0 long sword!
The vampire knight bites you but does no damage.
The vampire knight hits you with a +0 broad axe!!
* * * LOW HITPOINT WARNING * * *
You block the vampire knight's attack.
Casting: Inner Flame (safe; 0% risk of failure)
Confirm with . or Enter, or press ? or * to list all spells.
You feel a surge of power!
You blink.
The vampire knight hits you with a +0 broad axe!!
You die...

###..#.....####....# * , *
, #...........###...## ,,,
, ,, ............$.....####
,,, ..........#.......####
* *,,,,
..........##.........### ,
,*
..........#..#...○°....## ,
,,,
#...............§V.°.....,,
,, *
...........##.$V.○.###.##*
, , ...........##...@...#.∆
, , ,,,,
#..................##. , ,
, #..#..##............#. ,
,
#..#...#...........##,∆,**
* , ..##,...........##..# ,
*{ *, ...##.##.##......
.##* * ,,
..[...#*,.......,,.. ,, ,
,, ......##........ ,...,,
, , , *,* ....###.., , ,,,,
,, ,,,,*


You could see 2 vampire knights.

Vanquished Creatures
  Saint Roka (Orc:2)
  A tentacled starspawn (Abyss:5)
  An orc warlord (Orc:2)
  2 dire elephants (Lair:3)
  Snorg (Lair:4)
  An ogre mage (Orc:1)
  8 hydras
  4 two-headed ogres
  A death knight (D:12)
  A dancing weapon (Volcano)
  A catoblepas (D:13)
  An anaconda (Lair:6)
  5 death yaks (Lair:6)
  3 orc high priests (Orc:2)
  Urug (Lair:5)
  A glowing orange brain (shapeshifter) (D:13)
  4 orc knights (Orc:2)
  4 wizards (Volcano)
  An oklob plant (Lair:2)
  Pikel (D:5)
  A deep elf pyromancer (D:14)
  5 cyclopes
  A manticore (D:11)
  7 orc sorcerers
  11 elephants (Lair:5)
  3 black mambas
  Maurice (D:11)
  3 toenail golems (Volcano)
  2 unseen horrors
  8 cane toads
  A yaktaur (D:14)
  Psyche (D:12)
  Maggie (D:10)
  3 kobold demonologists (D:12)
  An efreet (D:13)
  9 komodo dragons
  6 rime drakes
  4 trolls
  6 polar bears
  A tyrant leech (D:14)
  A troll (shapeshifter) (D:14)
  15 blink frogs
  A meliai zombie (D:11)
  Grinder (D:5)
  10 dream sheep
  2 raiju (Lair:6)
  A ynoxinul (Abyss:5)
  4 water elementals (D:12)
  2 vampires
  2 wraiths
  4 wyverns
  59 yaks
  9 basilisks
  2 steam dragons
  A vampire mosquito (D:14)
  14 two-headed ogre zombies (Orc:1)
  6 wargs
  2 nagas (Lair:2)
  3 acid dragons
  14 water moccasins
  3 swamp drakes (Lair:6)
  8 hell hounds (Lair:6)
  5 black bears
  An ice beast (D:5)
  39 orc warriors
  8 ogres
  2 necrophages
  29 wolves
  3 centaurs
  A phantom (D:4)
  4 lemures (D:5)
  3 kobold brigands
  12 bullfrogs
  2 elf zombies (Ossuary)
  2 wyvern zombies
  A scorpion (D:6)
  A water moccasin zombie (D:5)
  A water moccasin skeleton (D:6)
  5 killer bees (D:9)
  5 spriggan skeletons (D:13)
  8 electric eels
  A troll skeleton (D:13)
  2 centaur zombies
  A hound (D:5)
  19 orc priests
  A gnoll shaman (D:7)
  A jelly (D:6)
  A bullfrog skeleton (D:7)
  2 iguanas
  18 orc wizards
  6 hell rats
  2 hound zombies (Ossuary)
  2 mummies (Ossuary)
  A howler monkey skeleton (D:4)
  2 howler monkey zombies
  6 adders
  7 gnolls
  3 white imps
  2 ufetubi (D:5)
  4 adder zombies (Ossuary)
  A worm (D:2)
  7 dart slugs
  95 orcs
  6 ball pythons
  5 bats
  5 endoplasms
  A giant cockroach (D:1)
  10 goblins
  3 hobgoblins
  3 jackals (D:5)
  16 kobolds
  4 quokkas
  4 frilled lizards
  4 goblin zombies (Ossuary)
  3 hobgoblin zombies (Ossuary)
  2 jackal zombies (Ossuary)
  2 kobold zombies (Ossuary)
  An orc zombie (Ossuary)
  3 rats (D:1)
  2 rat zombies (Ossuary)
  2 starspawn tentacles (Abyss:5)
674 creatures vanquished.

Vanquished Creatures (collateral kills)
  A fire dragon (Lair:6)
  The ghost of Veudig the Severer, a journeyman HOFi of Dithmenos (D:11)
  Erolcha (Orc:1)
  A hydra (Lair:3)
  A boulder beetle (D:11)
  2 two-headed ogres
  A swamp dragon (Lair:6)
  An orc knight (D:13)
  A lindwurm (Lair:6)
  A cyclops (D:11)
  2 toenail golems (Volcano)
  2 black mambas (Lair:1)
  3 elephants (Lair:5)
  A gargoyle (D:10)
  4 cane toads
  An unseen horror (D:11)
  A rime drake (Lair:6)
  6 polar bears (Lair:6)
  2 blink frogs (Lair:3)
  A raiju (Lair:6)
  A dream sheep (Lair:6)
  2 shadows (D:11)
  A vampire (D:11)
  7 yaks
  2 wyverns (D:9)
  A basilisk (Lair:3)
  Grum (D:10)
  A steam dragon (D:7)
  A two-headed ogre zombie (Orc:1)
  A naga (Lair:2)
  6 hell hounds (Lair:6)
  5 wargs
  4 water moccasins
  12 orc warriors
  8 black bears (Lair:6)
  6 wolves
  A centaur (D:10)
  A bullfrog (D:8)
  A gnoll sergeant (D:10)
  A centaur zombie (D:9)
  A human zombie (Ossuary)
  A hound (D:2)
  A jelly (D:4)
  2 iguanas
  An orc wizard (D:11)
  5 hell rats
  2 hound zombies (Ossuary)
  A mummy (Ossuary)
  5 gnolls (D:10)
  2 adders (D:3)
  An adder skeleton (D:4)
  An adder zombie (Ossuary)
  A worm (D:3)
  28 orcs
  An endoplasm (D:1)
  A gnoll zombie (Ossuary)
  2 goblins (D:1)
  A hobgoblin (D:1)
  3 jackals (D:1)
  2 quokkas
  A ball python (D:3)
  A frilled lizard (D:2)
  A jackal zombie (Ossuary)
  A kobold (D:2)
  3 kobold zombies (Ossuary)
  An orc zombie (Ossuary)
  3 quokka zombies (Ossuary)
  A fungus (Lair:6)
171 creatures vanquished.

Vanquished Creatures (others)
  A wizard (Volcano)
  A manticore (D:12)
  2 bushes (Lair:5)
  51 fungi
  134 plants
  A snaplasher vine (Orc:2)
  3 starspawn tentacles
  10 toadstools (Lair:3)
  4 withered plants (Lair:2)
207 creatures vanquished.

Grand Total: 1052 creatures vanquished

Notes
Turn   | Place    | Note
-------+----------+-------------------------------------------
     0 | D:1      | mandarbmax the Gnoll Hedge Wizard began the quest for the
                  | Orb.
     0 | D:1      | Reached XP level 1. HP: 13/13 MP: 8/8
   105 | D:1      | Reached XP level 2. HP: 19/19 MP: 5/10
   245 | D:1      | Learned a level 2 spell: Call Imp
   633 | D:1      | Learned a level 2 spell: Blink
   796 | D:1      | Reached XP level 3. HP: 25/25 MP: 9/11
   952 | D:1      | Learned a level 3 spell: Mephitic Cloud
   967 | D:1      | Found a faded altar of an unknown god.
  1518 | D:2      | Reached skill level 1 in Invocations
  1563 | D:2      | Reached skill level 1 in Fighting
  1563 | D:2      | Reached skill level 1 in Short Blades
  1563 | D:2      | Reached skill level 1 in Long Blades
  1563 | D:2      | Reached skill level 1 in Axes
  1563 | D:2      | Reached skill level 1 in Maces & Flails
  1563 | D:2      | Reached skill level 1 in Polearms
  1563 | D:2      | Reached skill level 1 in Staves
  1563 | D:2      | Reached skill level 1 in Slings
  1563 | D:2      | Reached skill level 1 in Bows
  1563 | D:2      | Reached skill level 1 in Crossbows
  1563 | D:2      | Reached skill level 1 in Throwing
  1563 | D:2      | Reached skill level 1 in Armour
  1563 | D:2      | Reached skill level 1 in Shields
  1563 | D:2      | Reached skill level 1 in Unarmed Combat
  1563 | D:2      | Reached skill level 1 in Evocations
  1804 | D:2      | Reached XP level 4. HP: 32/32 MP: 4/13
  1811 | D:2      | Reached skill level 1 in Hexes
  1811 | D:2      | Reached skill level 1 in Necromancy
  1811 | D:2      | Reached skill level 1 in Transmutations
  1811 | D:2      | Reached skill level 1 in Fire Magic
  1811 | D:2      | Reached skill level 1 in Ice Magic
  1811 | D:2      | Reached skill level 1 in Air Magic
  1811 | D:2      | Reached skill level 1 in Earth Magic
  1811 | D:2      | Reached skill level 1 in Poison Magic
  1939 | D:2      | Found a glowing golden altar of the Shining One.
  2342 | D:3      | Noticed a necrophage
  3110 | D:3      | Reached XP level 5. HP: 37/37 MP: 8/14
  3375 | D:3      | Found a blossoming altar of Fedhas.
  3433 | D:3      | Killed a necrophage
  3644 | D:3      | Reached XP level 6. HP: 44/44 MP: 9/16
  4234 | D:4      | Found a sand-covered staircase.
  4240 | D:4      | Found an ancient bone altar of Kikubaaqudgha.
  4243 | Ossuary  | Entered an ossuary
  4308 | Ossuary  | Reached skill level 5 in Dodging
  4778 | Ossuary  | Reached XP level 7. HP: 40/50 MP: 18/18
  5511 | D:4      | Reached skill level 5 in Stealth
  6100 | D:4      | Identified the +2 ring mail of the Marlin {rPois Int+2}
  6290 | D:4      | Found a broken altar of Ashenzari.
  6349 | D:4      | Became a worshipper of Ashenzari the Shackled
  6488 | D:5      | Entered Level 5 of the Dungeon
  6588 | D:5      | Found Nofil's Antique Armour Shoppe.
  6615 | D:5      | Noticed Grinder
  6795 | D:5      | Killed Grinder
  6796 | D:5      | Reached XP level 8. HP: 58/58 MP: 1/19
  6928 | D:5      | Noticed Pikel
  6964 | D:5      | Killed Pikel
  6965 | D:5      | Reached skill level 8 in Spellcasting
  7283 | D:5      | Reached XP level 9. HP: 65/65 MP: 16/21
  7485 | D:5      | Found an ornate altar of the Wu Jian Council.
  7572 | D:5      | Found a staircase to the Ecumenical Temple.
  8266 | D:6      | Found a white marble altar of Elyvilon.
  8542 | D:6      | Reached * piety under Ashenzari
  8656 | D:6      | Learned a level 3 spell: Conjure Flame
  8704 | D:6      | Reached skill level 5 in Invocations
  9116 | D:6      | Found a stormy altar of Qazlal.
  9654 | D:7      | Reached ** piety under Ashenzari
  9841 | D:7      | Found a sparkling altar of Nemelex Xobeh.
 10307 | D:7      | Reached XP level 10. HP: 79/79 MP: 21/25
 10329 | D:7      | Found a shadowy altar of Dithmenos.
 11222 | D:8      | Reached skill level 5 in Fighting
 11222 | D:8      | Reached skill level 5 in Short Blades
 11222 | D:8      | Reached skill level 5 in Long Blades
 11222 | D:8      | Reached skill level 5 in Axes
 11222 | D:8      | Reached skill level 5 in Maces & Flails
 11222 | D:8      | Reached skill level 5 in Polearms
 11222 | D:8      | Reached skill level 5 in Staves
 11222 | D:8      | Reached skill level 5 in Slings
 11222 | D:8      | Reached skill level 5 in Bows
 11222 | D:8      | Reached skill level 5 in Crossbows
 11222 | D:8      | Reached skill level 5 in Throwing
 11222 | D:8      | Reached skill level 5 in Armour
 11222 | D:8      | Reached skill level 5 in Shields
 11222 | D:8      | Reached skill level 5 in Unarmed Combat
 11222 | D:8      | Reached skill level 5 in Evocations
 11688 | D:8      | Found a bloodstained altar of Trog.
 11714 | D:8      | Learned a level 3 spell: Call Canine Familiar
 11972 | D:8      | Reached *** piety under Ashenzari
 11998 | D:8      | Noticed an angel
 11999 | D:8      | Found a glowing silver altar of Zin.
 12073 | D:8      | Found a shimmering blue altar of Sif Muna.
 12501 | D:9      | Noticed a two-headed ogre
 12532 | D:9      | Killed a two-headed ogre
 12533 | D:9      | Reached skill level 9 in Spellcasting
 12723 | D:9      | Reached skill level 5 in Conjurations
 12723 | D:9      | Reached skill level 5 in Summonings
 12723 | D:9      | Reached skill level 5 in Translocations
 13507 | D:9      | Reached **** piety under Ashenzari
 13644 | D:10     | Entered Level 10 of the Dungeon
 13698 | D:10     | Identified a scroll of acquirement
 13756 | D:10     | Acquired Zaefis's Catalogue of Transmutation and Damage
                  | Dealing
 13762 | D:10     | Learned a level 3 spell: Ignite Poison
 13844 | D:10     | Noticed a gargoyle
 13859 | D:10     | Killed a gargoyle
 13938 | D:10     | Noticed Grum
 13949 | D:10     | Reached XP level 11. HP: 83/89 MP: 1/27
 13962 | D:10     | Killed Grum
 14104 | D:10     | Found a glowing golden altar of the Shining One.
 14117 | D:10     | Reached skill level 5 in Hexes
 14117 | D:10     | Reached skill level 5 in Necromancy
 14117 | D:10     | Reached skill level 5 in Transmutations
 14117 | D:10     | Reached skill level 5 in Fire Magic
 14117 | D:10     | Reached skill level 5 in Ice Magic
 14117 | D:10     | Reached skill level 5 in Air Magic
 14117 | D:10     | Reached skill level 5 in Earth Magic
 14117 | D:10     | Reached skill level 5 in Poison Magic
 14451 | D:10     | Found a shimmering altar of Xom.
 14878 | D:10     | Noticed Maggie
 14882 | D:10     | Killed Maggie
 14997 | D:11     | Noticed a manticore
 15010 | D:11     | Killed a manticore
 15013 | D:11     | Noticed Maurice
 15014 | D:11     | Noticed a boulder beetle
 15158 | D:11     | Noticed a two-headed ogre
 15158 | D:11     | Noticed a cyclops
 15162 | D:11     | Found a staircase to the Orcish Mines.
 15174 | D:11     | Killed a cyclops
 15184 | D:11     | Killed a two-headed ogre
 15427 | D:11     | Found a staircase to the Lair.
 15493 | D:11     | Killed a boulder beetle
 15528 | D:11     | Identified the cursed +2 whip of Ashenzari's Fanaticism
                  | {flame, Cun, Evo} (You took it off Pikel on level 5 of the
                  | Dungeon)
 15528 | D:11     | Identified the cursed +0 cloak "Sublime Servitude" {Alch,
                  | Comp} (You found it on level 5 of the Dungeon)
 15528 | D:11     | Identified the cursed +0 hat of Ashenzari's Prison {Range,
                  | Fort}
 15528 | D:11     | Identified the cursed +2 pair of gloves "Ruined
                  | Agnosticism" {Elem, Self} (You found it on level 4 of the
                  | Dungeon)
 15528 | D:11     | Identified the cursed ring of Ashenzari's Burden {rN+,
                  | Alch, Evo} (You found it on level 5 of the Dungeon)
 15528 | D:11     | Identified the cursed amulet of Ashenzari's Comet {Acrobat,
                  | Melee, Comp} (You found it on level 6 of the Dungeon)
 15531 | D:11     | Killed Maurice
 15735 | D:11     | Reached ***** piety under Ashenzari
 16217 | D:11     | Found Dymufeni's Assorted Antiques.
 16225 | D:11     | Bought a dazzling ring mail for 306 gold pieces
 16225 | D:11     | Identified the +2 ring mail of Insecurity {Fly rC- Str+8
                  | Slay-4} (You bought it in a shop on level 11 of the
                  | Dungeon)
 16225 | D:11     | Bought a blackened ivory ring for 170 gold pieces
 16225 | D:11     | Bought a scroll labelled KEOTEB FIUZI for 34 gold pieces
 16225 | D:11     | Bought a potion of heal wounds for 170 gold pieces
 16358 | D:11     | Reached skill level 10 in Spellcasting
 16358 | D:11     | Reached XP level 12. HP: 97/100 MP: 18/30
 16736 | Lair:1   | Entered Level 1 of the Lair of Beasts
 16851 | Lair:1   | Noticed an eight-headed hydra
 16861 | Lair:1   | Killed an eight-headed hydra
 17080 | Lair:1   | Learned a level 3 spell: Inner Flame
 17874 | Lair:2   | Found a runed translucent gate.
 17874 | Lair:2   | Found a runed translucent gate.
 17874 | Lair:2   | Found a runed translucent gate.
 17883 | Lair:2   | Noticed a six-headed hydra
 17888 | Lair:2   | Noticed Zihow's ghost (journeyman DgIE)
 17888 | Lair:2   | Noticed Pegaph's ghost (journeyman PaAM)
 17891 | Lair:2   | Killed a six-headed hydra
 17892 | Lair:2   | Noticed Pizistr Sogi's ghost (novice DsSu)
 18021 | Lair:2   | Learned a level 5 spell: Iskenderun's Battlesphere
 18026 | Lair:2   | Learned a level 4 spell: Cause Fear
 18415 | Lair:2   | Found a staircase to the Snake Pit.
 18829 | D:5      | Bought a glowing kite shield for 217 gold pieces
 19260 | Lair:2   | Found a shimmering blue altar of Sif Muna.
 19437 | Lair:2   | Learned a level 3 spell: Ozocubu's Armour
 19444 | Lair:2   | Learned a level 6 spell: Simulacrum
 19614 | Lair:3   | Noticed a seven-headed hydra
 19629 | Lair:3   | Killed a seven-headed hydra
 19630 | Lair:3   | Reached XP level 13. HP: 92/106 MP: 2/31
 20581 | Lair:3   | Noticed a dire elephant
 20581 | Lair:3   | Noticed a dire elephant
 20581 | Lair:3   | Identified the +10 morningstar "Qavuott" {flame, Int+2
                  | Dex+4 SInv}
 20598 | Lair:3   | Found a runed translucent door.
 20660 | Lair:3   | Killed a dire elephant
 20664 | Lair:3   | Killed a dire elephant
 20833 | Lair:3   | Reached skill level 11 in Spellcasting
 21361 | Lair:4   | Found a staircase to the Shoals.
 22238 | Lair:4   | Noticed Snorg
 22244 | Lair:4   | Identified the +2 buckler "Jikhliusa" {rN++}
 22251 | Lair:4   | Killed Snorg
 22949 | Lair:5   | Reached skill level 10 in Dodging
 22952 | Lair:5   | Reached XP level 14. HP: 62/118 MP: 16/33
 23275 | Lair:5   | Noticed Urug
 23284 | Lair:5   | Killed Urug
 23876 | Lair:5   | Reached skill level 10 in Stealth
 24196 | Lair:5   | Reached ****** piety under Ashenzari
 24390 | Lair:6   | Entered Level 6 of the Lair of Beasts
 24442 | Lair:6   | Reached skill level 10 in Invocations
 24449 | Lair:6   | Found a dark tunnel.
 24500 | Volcano  | Entered a volcano
 24750 | Volcano  | Learned a level 4 spell: Airstrike
 24852 | Volcano  | Cast into level 3 of the Abyss (a wizard)
 24908 | Abyss:3  | Noticed a lorocyproca
 24918 | Abyss:3  | Found a corrupted altar of Lugonu.
 24946 | Abyss:4  | Found a corrupted altar of Lugonu.
 24953 | Abyss:4  | Noticed a tentacled starspawn
 24958 | Abyss:5  | Entered Level 5 of the Abyss
 24972 | Abyss:5  | Noticed a tentacled starspawn
 24989 | Abyss:5  | Killed a tentacled starspawn
 24995 | Abyss:5  | Found a corrupted altar of Lugonu.
 24999 | Abyss:5  | Noticed a tentacled starspawn
 25022 | Abyss:5  | Noticed a cacodemon
 25024 | Volcano  | Escaped the Abyss
 27141 | Lair:6   | Reached skill level 12 in Spellcasting
 27168 | Lair:6   | Reached XP level 15. HP: 108/125 MP: 8/35
 27679 | Lair:6   | Found a stormy altar of Qazlal.
 28631 | Lair:6   | Found a staircase to the Slime Pits.
 28694 | Lair:6   | Reached skill level 10 in Fighting
 28694 | Lair:6   | Reached skill level 10 in Short Blades
 28694 | Lair:6   | Reached skill level 10 in Long Blades
 28694 | Lair:6   | Reached skill level 10 in Axes
 28694 | Lair:6   | Reached skill level 10 in Maces & Flails
 28694 | Lair:6   | Reached skill level 10 in Polearms
 28694 | Lair:6   | Reached skill level 10 in Staves
 28694 | Lair:6   | Reached skill level 10 in Slings
 28694 | Lair:6   | Reached skill level 10 in Bows
 28694 | Lair:6   | Reached skill level 10 in Crossbows
 28694 | Lair:6   | Reached skill level 10 in Throwing
 28694 | Lair:6   | Reached skill level 10 in Armour
 28694 | Lair:6   | Reached skill level 10 in Shields
 28694 | Lair:6   | Reached skill level 10 in Unarmed Combat
 28694 | Lair:6   | Reached skill level 10 in Evocations
 29459 | Orc:1    | Entered Level 1 of the Orcish Mines
 29498 | Orc:1    | Found a runed translucent door.
 30458 | Orc:1    | Learned a level 5 spell: Summon Forest
 30517 | Orc:1    | Noticed Erolcha
 30526 | Orc:1    | Killed Erolcha
 30843 | Orc:1    | Noticed Veudig's ghost (journeyman HOFi)
 30990 | D:11     | Killed Veudig's ghost
 31187 | Orc:2    | Entered Level 2 of the Orcish Mines
 31543 | Orc:2    | Found a staircase to the Elven Halls.
 31658 | Orc:2    | Found Tuluelef's Jewellery Shop.
 32172 | Orc:2    | Noticed an orc warlord
 32214 | Orc:2    | Killed an orc warlord
 33171 | Orc:2    | Noticed Saint Roka
 33200 | Orc:2    | Killed Saint Roka
 33212 | Orc:2    | Reached XP level 16. HP: 75/134 MP: 6/36
 33637 | Orc:2    | Found Ryic's General Store.
 33638 | Orc:2    | Found Uxotreac's Antique Armour Shop.
 33638 | Orc:2    | Found Aremoaw's Jewellery Boutique.
 33639 | Orc:2    | Found Yllawus's Antique Weapon Shop.
 33944 | D:12     | Noticed Psyche
 33954 | D:12     | Killed Psyche
 37446 | D:14     | Mangled by a vampire knight

Illustrated notes

Levels and vault maps discovered:
D:1:      lemuel_arrival_cross, layout_basic,
          chequers_ecumenical_altar_simple_redux
D:2:      layout_basic, basic_altar
D:3:      layout_basic, lemuel_round_altar
D:4:      layout_rooms, lemuel_crystal_altar, mainiacjoe_overflow_alcove_4,
          lightli_ossuary_entry_decrepit_ruins
D:5:      layout_cave_pools, lemuel_tele_altar, temple_hall, serial_shops, shop,
          saegor_snake_ambush, uniq_grinder, uniq_pikel
D:6:      lemuel_ice_spiral_2, layout_basic, elyvilon_altar_1,
          lemuel_coloured_pillars_altar, serial_bayou_ford_a
D:7:      layout_gridville, nicolae_dithmenos_the_darkroom,
          nemelex_spade_bored_becter
D:8:      layout_loops_ring, tgw_sif, mainiacjoe_overflow_chevrons, zin_angel,
          special_room [special_room_orc]
D:9:      layout_roguey
D:10:     layout_roguey, mainiacjoe_overflow_brackets,
          mainiacjoe_overflow_alcove_1, uniq_grum, uniq_maggie
D:11:     layout_basic, erik_lair_orcish_takeover, orc_0_dummy, serial_shops,
          nicolae_square_shop, uniq_maurice
D:12:     layout_roguey, serial_bayou, serial_bayou_lagoon_b,
          serial_bayou_lake_a, serial_bayou_shore_a, serial_bayou_pond_c,
          serial_bayou_pond_d, serial_bayou_lagoon_a, uniq_psyche
D:13:     layout_roguey [special_room_orc], hangedman_tell_no_tales
D:14:     layout_cave_pools, david_vaults_5, kennysheep_nondescript,
          minmay_guarded_unrand_vampires_tooth
Lair:1:   layout_cave_pods
Lair:2:   layout_regular_city, guppyfry_snake_entry_island,
          gammafunk_ghost_cemetery, lemuel_oklob_altar
Lair:3:   gammafunk_lair_enchanted_lake, layout_chaotic_city,
          grunt_megastairs_2, infiniplex_staircase_pool
Lair:4:   layout_small_grid, shoals_dummy_entry, uniq_snorg
Lair:5:   layout_layer_cave, grunt_megastairs_5, lemuel_fruit_fields, uniq_urug
Lair:6:   guppyfry_lair_end_dragon, layout_hall_layers,
          hangedman_lair_caniforms_friends, dpeg_slime_entry_corner,
          basic_altar, enter_volcano_1, grunt_megastairs_3, lemuel_fruit_fields
Orc:1:    lemuel_ogre_cave, layout_caves, ebering_ghost_reflecting_pool,
          mines2_david
Orc:2:    st_orc_congregation, layout_diamond_mine, serial_shops, shop,
          uniq_saint_roka

Skill      XL: |  1  2  3  4  5  6  7  8  9 10 11 12 13 14 15 16 |
---------------+-------------------------------------------------+-----
Conjurations   | 2 3 4 5 6 7 8 9 |  9.4
Summonings     | 2 3 4 5 6 7 8 9 |  9.4
Translocations | 2 3 4 5 6 7 8 9 |  9.4
Invocations    | 1 2 3 4 5 6 7 8 9 10 11 | 11.8
Fighting       | 1 2 3 4 5 6 7 8 9 10 | 10.8
Short Blades   | 1 2 3 4 5 6 7 8 9 10 | 10.8
Long Blades    | 1 2 3 4 5 6 7 8 9 10 | 10.8
Axes           | 1 2 3 4 5 6 7 8 9 10 | 10.8
Maces & Flails | 1 2 3 4 5 6 7 8 9 10 | 10.8
Polearms       | 1 2 3 4 5 6 7 8 9 10 | 10.8
Staves         | 1 2 3 4 5 6 7 8 9 10 | 10.8
Slings         | 1 2 3 4 5 6 7 8 9 10 | 10.8
Bows           | 1 2 3 4 5 6 7 8 9 10 | 10.8
Crossbows      | 1 2 3 4 5 6 7 8 9 10 | 10.8
Throwing       | 1 2 3 4 5 6 7 8 9 10 | 10.8
Armour         | 1 2 3 4 5 6 7 8 9 10 | 10.8
Shields        | 1 2 3 4 5 6 7 8 9 10 | 10.8
Unarmed Combat | 1 2 3 4 5 6 7 8 9 10 | 10.8
Evocations     | 1 2 3 4 5 6 7 8 9 10 | 10.8
Hexes          | 1 2 3 4 5 6 7 8 9 |  9.1
Necromancy     | 1 2 3 4 5 6 7 8 9 |  9.1
Transmutations | 1 2 3 4 5 6 7 8 9 |  9.1
Fire Magic     | 1 2 3 4 5 6 7 8 9 |  9.1
Ice Magic      | 1 2 3 4 5 6 7 8 9 |  9.1
Air Magic      | 1 2 3 4 5 6 7 8 9 |  9.1
Earth Magic    | 1 2 3 4 5 6 7 8 9 |  9.1
Poison Magic   | 1 2 3 4 5 6 7 8 9 |  9.1
Dodging        | 5 6 7 8 9 10 11 | 11.7
Stealth        | 5 6 7 8 9 10 11 | 11.6
Spellcasting   | 8 9 10 11 12 | 12.8

Action                   |  1- 3 |  4- 6 |  7- 9 | 10-12 | 13-15 | 16-18 || total
-------------------------+-------+-------+-------+-------+-------+-------++-------
Melee: Dagger            |     7 |       |    26 |       |       |       ||    33
       Staff             |     3 |   194 |   197 |     8 |   795 |   181 ||  1378
       Bite              |     1 |    15 |    30 |    20 |    74 |    17 ||   157
       Punch             |       |     3 |     1 |     6 |       |       ||    10
       Whip              |       |       |    69 |   236 |       |       ||   305
 Cast: Magic Dart        |    80 |    95 |   188 |   144 |    95 |       ||   602
       Call Imp          |    10 |    28 |    29 |    11 |     4 |       ||    82
       Mephitic Cloud    |     1 |     1 |    12 |    80 |    31 |     4 ||   129
       Blink             |       |       |     2 |       |       |     1 ||     3
       Conjure Flame     |       |       |     6 |    36 |     2 |       ||    44
       Call Canine Famil |       |       |       |    42 |    26 |       ||    68
       Ignite Poison     |       |       |       |    32 |    12 |     2 ||    46
       Iskenderun's Batt |       |       |       |    11 |    16 |       ||    27
       Simulacrum        |       |       |       |     2 |    79 |    11 ||    92
       Cause Fear        |       |       |       |     1 |     1 |       ||     2
       Inner Flame       |       |       |       |       |    85 |     2 ||    87
       Ozocubu's Armour  |       |       |       |       |     3 |       ||     3
       Airstrike         |       |       |       |       |   142 |   101 ||   243
       Summon Forest     |       |       |       |       |     4 |     1 ||     5
Invok: Curse Item        |       |       |     3 |     6 |     3 |     2 ||    14
       Shatter the Chain |       |       |       |     2 |     1 |     1 ||     4
Evoke: Wand              |       |       |     6 |     7 |     9 |     2 ||    24
  Use: Scroll            |       |     4 |     4 |     1 |     6 |       ||    15
       Potion            |       |       |     1 |     1 |     2 |       ||     4
 Stab: Distracted        |       |     6 |     3 |       |     3 |     1 ||    13
       Sleeping          |       |     3 |     2 |     3 |     1 |     2 ||    11
       Confused          |       |       |     6 |     9 |    10 |     2 ||    27
       Paralysed         |       |       |       |    11 |       |       ||    11
Armor: Robe              |     4 |     1 |       |       |       |    29 ||    34
       Ring mail         |       |   103 |   138 |    86 |   130 |     6 ||   463
Dodge: Dodged            |    23 |   112 |   173 |   163 |   268 |    66 ||   805
Block: Kite shield       |       |       |       |     8 |   389 |    94 ||   491

Table legend: (Time is in decaauts)
 A = Elapsed time spent in this place.
 B = Non-inter-level travel time spent in this place.
 C = Inter-level travel time spent in this place.
 D = Time resting spent in this place.
 E = Time spent auto-exploring this place.
 F = Levels seen in this place.
 G = Mean time per level.
                   A        B        C        D        E       F      G
               +--------+--------+--------+--------+--------+-----+--------+
         Total |  37195 |  35436 |   1759 |   8740 |  20648 |  27 | 1377.6 |
       Dungeon |  19650 |  18499 |   1151 |   3207 |  12603 |  14 | 1403.6 |
          Lair |  10871 |  10429 |    442 |   2644 |   6133 |   6 | 1811.8 |
  Orcish Mines |   4076 |   3911 |    165 |   1773 |   1300 |   2 | 2038.0 |
         Abyss |    171 |    171 |      0 |      0 |      0 |   3 |   57.0 |
       Ossuary |   1211 |   1211 |      0 |    277 |    481 |   1 | 1211.0 |
       Volcano |   1214 |   1214 |      0 |    839 |    130 |   1 | 1214.0 |
               +--------+--------+--------+--------+--------+-----+--------+

Top non-repeatable levels by time:
  Lair:6: 3463 daAuts
   Orc:2: 2101 daAuts
   Orc:1: 1974 daAuts
    D:11: 1896 daAuts
    D:12: 1867 daAuts
     D:6: 1811 daAuts
  Lair:5: 1777 daAuts
     D:7: 1756 daAuts
  Lair:3: 1733 daAuts
    D:10: 1525 daAuts
     D:1: 1482 daAuts
     D:9: 1421 daAuts
     D:2: 1415 daAuts
     D:3: 1396 daAuts
  Lair:4: 1338 daAuts
